 Dungeon Crawl Stone Soup version 0.19-a0-644-gd04d753 (webtiles) character file.

324 Renko1984 the Skirmisher (level 6, -1/40 HPs)
             Began as a Tengu Abyssal Knight on June 14, 2016.
             Was a Believer of Lugonu.
             Slain by an ice beast (13 damage)
             ... on level 5 of the Dungeon.
             The game lasted 00:13:30 (2862 turns).

Renko1984 the Skirmisher (Tengu Abyssal Knight)     Turns: 2862, Time: 00:13:32

Health: -1/40      AC:  3    Str: 14    XL:     6   Next: 48%
Magic:  10/10      EV: 13    Int: 13    God:    Lugonu [**....]
Gold:   127        SH:  0    Dex: 13    Spells: 0 memorised, 9 levels left

rFire  + . .     SeeInvis .     a - +1 spear
rCold  x . .     Gourm    .     b - +0 leather armour
rNeg   . . .     Faith    .     (no shield)
rPois  .         Spirit   .     (helmet restricted)
rElec  .         Dismiss  .     (no cloak)
rCorr  .         Reflect  .     (no gloves)
SustAt .         Harm     .     (boots unavailable)
MR     .....                    (no amulet)
Stlth  ++........               (no ring)
                                f - ring of fire

@: not resistant to hostile enchantments, unstealthy
A: beak, talons 3, able to fly 1
a: Fly, Depart the Abyss, Bend Space, Renounce Religion


You were on level 5 of the Dungeon.
You worshipped Lugonu.
Lugonu was pleased with you.
You were not hungry.

You visited 1 branch of the dungeon, and saw 5 of its levels.
You visited the Abyss 1 time.

You collected 127 gold pieces.

Inventory:

Hand Weapons
 a - a +1 spear (weapon)
Missiles
 e - 3 tomahawks of returning (quivered)
Armour
 b - a +0 leather armour (worn)
Jewellery
 f - a ring of fire (left hand)
Scrolls
 d - a scroll of fear {unknown}
 j - a scroll of blinking {unknown}
Comestibles
 c - 2 bread rations
 g - a beef jerky
 h - 6 fruits
 i - 2 meat rations


   Skills:
 + Level 4.9 Fighting
 + Level 4.4 Polearms
 + Level 2.8 Throwing
 + Level 4.3 Armour
 + Level 4.2 Dodging
 + Level 3.1 Stealth
 + Level 3.0 Unarmed Combat
 + Level 2.2 Spellcasting
 + Level 3.2 Invocations


You had 9 spell levels left.
You didn't know any spells.

Dungeon Overview and Level Annotations

Branches:
Dungeon (5/15)
 Temple: D:4-7

Altars:
Dithmenos
Hepliaklqana
Makhleb
Nemelex Xobeh
Vehumet
Yredelemnul


Innate Abilities, Weirdness & Mutations

You have a beak for a mouth.
You have claws for feet.
You can fly.


Message History

The ice beast is lightly wounded.
The ice beast hits you but does no damage.
You closely miss the ice beast.
The ice beast is lightly wounded.
The ice beast hits you but does no damage.
You hit the ice beast but do no damage. Your kick misses the ice beast.
The ice beast is lightly wounded.
The ice beast hits you. The ice beast freezes you!
You feel a terrible chill!
You hit the ice beast. Your kick misses the ice beast.
You peck the ice beast, but do no damage.
The ice beast is moderately wounded.
The ice beast hits you but does no damage.
You hit the ice beast but do no damage.
You claw the ice beast, but do no damage.
You peck the ice beast.
The ice beast is moderately wounded.
The ice beast hits you.
* * * LOW HITPOINT WARNING * * *
The ice beast freezes you!
You feel a terrible chill!
You die...

.####...##....###
.........#.......
.........#.......
........ .......
#.....# .......
###.....##..a....
#................
#......Y@........
#.......#####+###
#.......#
##......#
########


You could see an ice beast and a worker ant.

Vanquished Creatures
  An ogre (D:4)
  A howler monkey (D:4)
  A centaur skeleton (D:4)
  7 gnolls
  5 adders
  2 dart slugs
  2 giant geckos (D:3)
  2 orcs
  3 giant cockroaches
  A goblin (D:2)
  3 jackals
  A kobold (D:3)
  A ball python (D:4)
  4 bats
  A jackal skeleton (D:4)
35 creatures vanquished.

Notes
Turn   | Place    | Note
--------------------------------------------------------------
     0 | Abyss:1  | Renko1984 the Tengu Abyssal Knight began the quest for the Orb.
     0 | Abyss:1  | Reached XP level 1. HP: 14/14 MP: 3/3
    18 | D:1      | Escaped the Abyss
   252 | D:2      | Reached XP level 2. HP: 19/19 MP: 4/4
   429 | D:2      | Reached XP level 3. HP: 3/24 MP: 4/7
   429 | D:2      | HP: 1/24 [gnoll/flail (2)]
   444 | D:2      | Reached XP level 4. HP: 19/30 MP: 8/8
   872 | D:2      | Found a radiant altar of Vehumet.
   873 | D:2      | Found a burning altar of Makhleb.
  1248 | D:3      | Found a basalt altar of Yredelemnul.
  1251 | D:3      | Found a sparkling altar of Nemelex Xobeh.
  1597 | D:3      | Found a shadowy altar of Dithmenos.
  1599 | D:3      | Found a hazy altar of Hepliaklqana.
  1728 | D:4      | Gained mutation: You can fly. [Tengu growth]
  1728 | D:4      | Reached XP level 5. HP: 34/34 MP: 9/9
  1788 | D:4      | Noticed an ogre
  1793 | D:4      | Reached ** piety under Lugonu
  2014 | D:4      | Killed an ogre
  2014 | D:4      | Reached XP level 6. HP: 15/40 MP: 10/10
  2453 | D:3      | HP: 2/40 [poisoned by a scorpion]
  2461 | D:3      | HP: 1/40 [poisoned by a scorpion]
  2847 | D:5      | Entered Level 5 of the Dungeon
  2847 | D:5      | Noticed an ice beast
  2862 | D:5      | Slain by an ice beast

Vault maps used:
D:1:      arrival_zaba_pyramid, minmay_lizard_king
D:2:      gammafunk_temple_overflow_pools, first_bread
D:3:      nicolae_overflow_hidden_temple, nicolae_ru_sacrificial_ziggurat
D:4:      grunt_dithmenos_shadows
D:5:      gammafunk_temple_overflow_claw

Skill      XL: |  1  2  3  4  5  6 |
---------------+-------------------+-----
Fighting       | 4 |  4.9
Polearms       | 4 |  4.4
Throwing       | 2 |  2.8
Armour         | 4 |  4.3
Dodging        | 3 4 |  4.2
Stealth        | 2 3 |  3.1
Unarmed Combat | 3 |  3.0
Spellcasting   | 2 |  2.2
Invocations    | 3 |  3.2

Action                   |  1- 3 |  4- 6 || total
-------------------------+-------+-------++-------
Melee: Spear             |    32 |   101 ||   133
       Kick              |     7 |    23 ||    30
       Peck              |     3 |    16 ||    19
       Punch             |       |     2 ||     2
  Use: Potion            |     2 |     2 ||     4
 Stab: Sleeping          |       |     1 ||     1
  Eat: Bread ration      |       |     1 ||     1
       Fruit             |       |     2 ||     2
Armor: Leather armour    |    11 |    19 ||    30
Dodge: Dodged            |    23 |    68 ||    91
